 Dungeon Crawl Stone Soup version 0.19-a0-277-g85cb9a5 (webtiles) character file.

121 inmateoo the Skirmisher (level 5, -1/33 HPs)
             Began as a Gargoyle Fighter on May 27, 2016.
             Slain by Grinder (2 damage)
             ... on level 3 of the Dungeon.
             The game lasted 00:01:51 (1829 turns).

inmateoo the Skirmisher (Gargoyle Fighter)          Turns: 1829, Time: 00:01:52

Health: -1/33      AC: 13    Str: 26    XL:     5   Next: 5%
Magic:  5/5        EV:  7    Int:  8    God:
Gold:   169        SH: 10    Dex:  9    Spells: 0 memorised, 4 levels left

rFire  . . .     SeeInvis .     a - +0 flail
rCold  . . .     Gourm    .     b - +0 scale mail
rNeg   + . .     Faith    .     c - +0 shield
rPois  ∞         Spirit   .     (no helmet)
rElec  +         Dismiss  .     t - +0 cloak
rCorr  .         Reflect  .     (no gloves)
SustAt .         Harm     .     r - +0 pair of boots
MR     .....                    (no amulet)
Stlth  ..........               (no ring)
                                (no ring)

@: mighty, not resistant to hostile enchantments, extremely unstealthy
A: negative energy resistance 1, electricity resistance, unbreathing,
petrification resistance, rot immunity, AC +4
a: no special abilities


You were on level 3 of the Dungeon.
You were not hungry.

You visited 1 branch of the dungeon, and saw 3 of its levels.

You collected 169 gold pieces.

Inventory:

Hand Weapons
 a - a +0 flail (weapon)
 h - a +3 whip
Armour
 b - a +0 scale mail (worn)
 c - a +0 shield (worn)
 r - a +0 pair of boots (worn)
 t - a +0 cloak (worn)
Scrolls
 e - 2 scrolls of teleportation {unknown}
 k - a scroll of noise {unknown}
 m - a scroll of fear {unknown}
 q - a scroll of identify {unknown}
 s - a scroll of enchant weapon {unknown}
 u - a scroll of fog {unknown}
Potions
 g - a potion of beneficial mutation {unknown}
 l - a potion of curing {unknown}
 n - a potion of magic {unknown}
 o - a potion of berserk rage {unknown}
 p - a potion of agility {unknown}
Comestibles
 f - 3 bread rations
 i - a meat ration
 j - 2 beef jerkies


   Skills:
 + Level 4.1 Fighting
 * Level 3.1 Maces & Flails
 + Level 4.1 Armour
 + Level 4.1 Shields


You had 4 spell levels left.
You didn't know any spells.

Dungeon Overview and Level Annotations

Branches:
Dungeon (3/15)

Altars:
Ashenzari

Annotations:
D:3 Grinder


Innate Abilities, Weirdness & Mutations

You are resistant to torment.
Your stone body is resilient (AC +4).
You are immune to poison.
You resist negative energy. (rN+)
You are resistant to electric shocks. (rElec)
You can survive without breathing.
You are immune to petrification.
You are immune to rotting.


Message History

You resist with significant effort.
Unknown command.
You sock Grinder!
Grinder is severely wounded.
Grinder says, "Tell me all your secrets, or I'll kill you."
Grinder hits you but does no damage. Grinder hits you.
Your shield prevents you from hitting Grinder.
Grinder is severely wounded.
Grinder hits you.
* * * LOW HITPOINT WARNING * * *
You are too injured to fight recklessly!
You are too injured to fight recklessly!
Drink which item? (? for menu, Esc to quit)
You feel very mighty all of a sudden. Grinder hits you.
* * * LOW HITPOINT WARNING * * *
You closely miss Grinder.
Grinder is heavily wounded.
Grinder hits you.
You die...

#..#
#..#.#
#.<#.#
#..#.#
#.##.#
#.##.#
#.##.#
#.##5#
#.##@#
#....#
######


You could see Grinder.

Vanquished Creatures
  Ijyb (D:2)
  5 adders
  2 worms (D:2)
  A dart slug (D:1)
  A giant gecko (D:1)
  A giant cockroach (D:1)
  6 goblins
  2 hobgoblins (D:1)
  6 jackals (D:1)
  3 ball pythons
  6 bats
  A giant newt (D:2)
  6 kobolds
  4 rats
45 creatures vanquished.

Notes
Turn   | Place    | Note
--------------------------------------------------------------
     0 | D:1      | inmateoo the Gargoyle Fighter began the quest for the Orb.
     0 | D:1      | Reached XP level 1. HP: 14/14 MP: 1/1
    88 | D:1      | Reached XP level 2. HP: 5/19 MP: 2/2
   429 | D:1      | Reached XP level 3. HP: 23/23 MP: 3/3
   510 | D:1      | Found a shattered altar of Ashenzari.
  1240 | D:2      | Reached XP level 4. HP: 27/29 MP: 4/4
  1269 | D:2      | Noticed Ijyb
  1293 | D:2      | Killed Ijyb
  1415 | D:2      | Reached XP level 5. HP: 28/33 MP: 5/5
  1809 | D:3      | Noticed Grinder
  1816 | D:3      | Paralysed by Grinder for 3 turns
  1828 | D:3      | HP: 1/33 [Grinder (6)]
  1829 | D:3      | Slain by Grinder

Vault maps used:
D:1:      minmay_arrival_stair_chambers, nicolae_ashenzari_panopticon
D:2:      first_bread, minivault_4, uniq_iyjb
D:3:      uniq_jessica, uniq_grinder, uniq_sigmund

Skill      XL: |  1  2  3  4 |
---------------+-------------+-----
Fighting       | 4 |  4.1
Maces & Flails | 3 |  3.1
Armour         | 4 |  4.1
Shields        | 4 |  4.1

Action                   |  1- 3 |  4- 6 || total
-------------------------+-------+-------++-------
Melee: Flail             |   122 |    75 ||   197
  Use: Potion            |       |     1 ||     1
  Eat: Chunk             |     1 |     2 ||     3
Armor: Scale mail        |    95 |    42 ||   137
Dodge: Dodged            |    42 |    14 ||    56
Block: Shield            |    92 |    42 ||   134
